Map: Kairos Junction LE

Players

Lambo

  • Race: Zerg Zerg
  • Spawn Location: 11:00

PtitDrogo - Winner!

  • Race: Protoss Protoss
  • League: Master
  • Spawn Location: 5:00

Event: 2019 WCS Winter Europe

VOD

Have the link to the VOD?

Description

Time

  • Played on: April 7, 2019, 12:53 p.m.
  • Length: 11:29

All games in this series

Show
View Real Time Build Order
Export as new Build Order

Lambo Zerg 

Build Orders: Hatch First, Swarm Host 

Get SALT Encoding   

  12  0:00  Drone  
  13  0:12  Overlord  
  13  0:17  Drone  
  14  0:31  Drone x2  
  16  0:38  Drone  
  17  0:52  Hatchery  
  17  0:55  Drone  
  17  0:58  Drone  
  18  1:09  Extractor  
  17  1:14  Spawning Pool  
  17  1:16  Drone  
  17  1:19  Drone  
  18  1:28  Drone  
  19  1:39  Drone  
  20  1:50  Overlord  
  20  2:01  Queen  
  20  2:04  Queen, Zergling x2  
  20  2:05  Zergling x2  
  26  2:12  Metabolic Boost  
  26  2:13  Drone  
  26  2:15  Drone  
  28  2:23  Drone  
  28  2:26  Drone  
  30  2:37  Hatchery  
  30  2:38  Zergling x2  
  30  2:40  Drone  
  31  2:48  Overlord, Drone  
  31  2:57  Queen  
  33  2:59  Drone  
  33  3:05  Drone  
  35  3:09  Drone x2  
  35  3:10  Drone x3  
  35  3:11  Drone  
  41  3:17  Overlord  
  41  3:20  Drone  
  41  3:22  Drone  
  43  3:32  Overlord  
  43  3:37  Drone x2  
  43  3:40  Queen  
  47  3:41  Overlord  
  47  3:42  Drone  
  47  3:44  Spore Crawler, Drone  
  47  3:46  Zergling x2  
  49  3:51  Drone x2  
  49  3:54  Drone x2  
  53  3:56  Spore Crawler  
  52  4:03  Roach Warren  
  52  4:05  Drone  
  52  4:07  Zergling x4  
  52  4:09  Queen  
  54  4:13  Drone  
  54  4:15  Overlord  
  57  4:19  Lair  
  57  4:21  Spore Crawler  
  56  4:24  Overlord  
  56  4:26  Drone  
  56  4:30  Zergling x6  
  60  4:35  Drone x3  
  60  4:38  Drone  
  64  4:39  Drone  
  64  4:40  Zergling x2  
  64  4:41  Zergling x2  
  67  4:47  Extractor, Drone x2  
  67  4:48  Extractor  
  67  4:50  Drone  
  68  4:55  Roach x4  
  68  4:59  Roach  
  77  5:08  Roach x2  
  77  5:09  Drone  
  77  5:10  Overlord  
  79  5:14  Drone x3  
  79  5:16  Overlord  
  79  5:19  Drone  
  77  5:24  Drone x3  
  77  5:26  Extractor  
  79  5:30  Drone  
  79  5:31  Drone  
  79  5:32  Roach x2  
  85  5:36  Overlord  
  85  5:38  Roach  
  85  5:40  Overlord  
  87  5:43  Overlord  
  87  5:45  Overseer, Drone  
  82  5:54  Roach x4  
  88  5:59  Roach x2  
  92  6:06  Glial Reconstitution  
  92  6:08  Roach x2  
  96  6:16  Overlord  
  96  6:17  Roach x2  
  96  6:18  Roach x2  
  104  6:21  Roach  
  104  6:23  Overlord  
  104  6:24  Roach  
  104  6:25  Roach  
  110  6:29  Roach, Zergling x2  
  110  6:32  Overlord  
  113  6:33  Overlord  
  113  6:34  Overlord  
  113  6:36  Overlord x2  
  113  6:38  Overlord  
  113  6:40  Roach x2  
  113  6:41  Ravager  
  113  6:43  Roach  
  120  6:48  Roach  
  120  6:52  Roach  
  126  6:54  Roach  
  126  6:56  Roach  
  126  6:58  Roach x3  
  126  7:00  Roach  
  136  7:05  Roach x2  
  136  7:06  Roach  
  142  7:10  Roach  
  142  7:11  Roach  
  142  7:12  Roach  
  148  7:18  Roach  
  148  7:20  Roach  
  152  7:23  Roach  
  152  7:26  Overlord  
  152  7:27  Roach, Zergling x4  
  152  7:29  Queen  
  159  7:31  Extractor  
  159  7:32  Roach  
  159  7:35  Ravager  
  159  7:36  Zergling x6  
  159  7:37  Zergling x2  
  165  7:40  Roach  
  165  7:44  Roach  
  164  7:48  Roach x2  
  164  7:49  Overseer  
  152  7:54  Roach x2  
  152  7:56  Roach  
  152  7:57  Roach x4  
  148  8:00  Roach, Zergling x2  
  136  8:11  Roach x3  
  129  8:16  Overseer  
  117  8:20  Roach  
  117  8:21  Roach  
  117  8:22  Roach  
  109  8:29  Roach  
  109  8:30  Queen  
  109  8:32  Roach x2  
  115  8:37  Overseer  
  112  8:41  Roach  
  112  8:44  Roach x2  
  99  8:50  Infestation Pit, Extractor  
  99  8:51  Drone x7  
  104  9:04  Drone  
  104  9:06  Hatchery  
  102  9:13  Roach  
  102  9:14  Roach x4  
  112  9:29  Swarm Host x7  
  133  9:34  Swarm Host  
  133  9:36  Ravager  
  137  9:38  Swarm Host  
  137  9:43  Swarm Host  
  143  9:47  Swarm Host  
  143  9:50  Swarm Host  
  149  9:56  Swarm Host  
  149  9:59  Swarm Host  
  155  10:03  Roach x3  
  155  10:05  Overlord  
  159  10:09  Overseer  
  159  10:12  Roach x3  
  159  10:13  Roach  
  167  10:16  Swarm Host  
  167  10:18  Overlord  
  170  10:22  Overlord  
  170  10:23  Roach x2  
  170  10:24  Roach  
  170  10:27  Overlord  
  176  10:31  Roach x2  
  176  10:35  Roach  
  170  10:36  Roach  
  170  10:38  Roach  
  170  10:42  Roach x2  
  168  10:47  Roach x2  
  168  10:49  Roach  
  171  10:53  Roach x2  
  148  11:04  Roach  
Show
View Real Time Build Order
Export as new Build Order

PtitDrogo Protoss - Winner!

Build Orders: 1 Gate Expand, Archon Immortal, Archon Drop, Dark Templar Rush 

Get SALT Encoding   

  12  0:00  Probe  
  13  0:12  Probe  
  14  0:19  Pylon  
  14  0:25  Probe  
  15  0:35  Probe  
  15  0:40  Gateway  
  16  0:43  Probe  
  16  0:49  Assimilator  
  17  0:51  Probe  
  18  1:03  Probe  
  19  1:15  Probe  
  20  1:26  Nexus  
  20  1:35  Cybernetics Core  
  20  1:39  Probe  
  21  1:45  Assimilator  
  21  1:50  Pylon  
  21  1:53  Probe  
  22  2:01  Adept  
  22  2:05  Probe  
  23  2:15  Twilight Council  
  25  2:17  Probe  
  25  2:22  Warp Gate  
  26  2:23  Stalker  
  26  2:29  Probe  
  27  2:34  Probe  
  29  2:41  Probe  
  29  2:42  Probe  
  32  2:52  Probe  
  32  2:53  Probe, Robotics Facility  
  34  3:04  Probe  
  35  3:05  Probe  
  35  3:12  Gateway  
  36  3:16  Probe  
  36  3:18  Probe  
  38  3:22  Dark Shrine  
  38  3:30  Probe x2  
  38  3:32  Warp Prism  
  38  3:33  Gateway  
  40  3:34  Gateway  
  40  3:44  Probe  
  40  3:45  Probe  
  44  3:49  Assimilator  
  44  3:52  Assimilator  
  44  3:55  Pylon  
  44  4:00  Probe, Pylon  
  44  4:02  Probe  
  46  4:13  Adept  
  46  4:14  Probe  
  46  4:15  Probe  
  50  4:27  Probe x2  
  52  4:31  Pylon  
  52  4:35  Dark Templar x4  
  60  4:39  Pylon  
  60  4:40  Archon x2  
  60  4:44  Probe  
  60  4:45  Observer  
  62  4:57  Nexus  
  62  5:00  Pylon  
  62  5:14  Probe  
  63  5:23  Immortal  
  63  5:28  Zealot x4  
  75  5:32  Pylon  
  75  5:33  Forge  
  75  5:37  Probe, Pylon  
  70  5:54  Immortal  
  70  5:57  Probe  
  69  5:58  Probe  
  69  6:00  Sentry x2  
  78  6:05  Charge  
  78  6:06  Gateway  
  78  6:09  Probe, Gateway  
  78  6:10  Probe  
  80  6:15  Sentry x2  
  80  6:16  Probe  
  85  6:19  Probe x2  
  85  6:24  Probe  
  87  6:27  Probe  
  87  6:29  Probe  
  87  6:32  Probe, Adept x2, Templar Archives  
  93  6:33  Protoss Ground Weapons Level 1  
  93  6:35  Immortal  
  95  6:43  Probe  
  100  6:52  Pylon  
  102  6:54  Zealot x2  
  102  6:55  Probe  
  102  6:58  Gateway  
  105  7:02  Pylon, Gateway  
  105  7:08  High Templar x2  
  105  7:09  Zealot  
  105  7:10  Zealot  
  105  7:12  Archon  
  113  7:18  Probe x2  
  113  7:20  Assimilator  
  113  7:21  Assimilator, Pylon  
  115  7:24  Pylon  
  115  7:25  Probe  
  112  7:33  Photon Cannon, Shield Battery  
  112  7:34  Photon Cannon  
  110  7:40  Zealot, High Templar x2  
  110  7:41  Zealot x3  
  120  7:46  Archon  
  110  7:55  Zealot, Immortal  
  90  8:09  Zealot x4  
  84  8:14  Zealot  
  84  8:19  Zealot  
  76  8:24  Zealot x2  
  76  8:27  Probe  
  76  8:29  High Templar  
  76  8:32  High Templar  
  79  8:35  Immortal  
  79  8:36  Zealot x2  
  79  8:41  Archon  
  87  8:46  Zealot  
  81  8:49  Probe  
  81  8:50  Probe x2  
  83  8:57  High Templar  
  83  8:58  Pylon  
  83  9:01  Probe  
  83  9:02  Probe x2  
  88  9:04  Immortal  
  88  9:05  High Templar x2  
  92  9:10  Archon  
  92  9:13  Probe  
  92  9:15  Probe x2  
  99  9:19  Zealot, High Templar  
  103  9:24  Archon  
  103  9:25  Pylon  
  103  9:28  Zealot x2  
  103  9:29  Zealot  
  109  9:33  Pylon  
  109  9:36  Dark Templar  
  111  9:40  Pylon  
  111  9:43  Immortal  
  115  9:50  Zealot x2  
  119  9:55  Zealot  
  121  10:10  Zealot, High Templar x2  
  121  10:11  Zealot x4  
  135  10:14  Pylon  
  135  10:15  Archon  
  135  10:21  Sentry  
  137  10:35  Zealot x5  
  114  10:44  Zealot x3  
  112  10:59  Zealot x3  
  112  11:00  Zealot x2  
  114  11:05  Zealot x3  
Tags
 
Add a new tag
Caveats
  • Supply blocks, unpowered buildings, or Contaminate may cause inaccurate times.
  • Supply counts are checked every 10 seconds.